AoeStats
← [TuKn] Rastonee

Arabia

503510129Analyzed
1v1 RM · 1mo ago on Sep 1, 2026· 15m 5s· 2 players
Game mode
Random Map
Map size
Tiny (2 player)
Population
200
Speed
Normal
Resources
Standard
Victory
Conquest
Starting age
Dark Age
Ending age
Imperial Age
RankedLock teamsTeams togetherTeam positionsShared explorationLock speedFull tech treeHidden civsTurbo modeCheats
Victory
Defeat
🇲🇽 Mongols · Mexico
1335
+17
🇦🇷 Lithuanians · Argentina
1361
-17
Jovac
4:39 Loom
7:59 Feudal Age
13:49 Double-Bit Axe
[TuKn] Rastonee
6:34 Loom
8:47 Feudal Age
9:24 Double-Bit Axe
10:04 Loom
10:38 Horse Collar
Connection lost

Rejoining the realm…

Still unreachable

The connection could not be restored.

Session expired

The server has moved on; the page needs a fresh start.